 Dungeon Crawl Stone Soup version 0.24-a0-582-g4d4af81 (webtiles) character file.

Game seed: 3558167789241006707

771 ArcanElement the Magician (level 7, 0/63 HPs)
             Began as a Deep Elf Wizard on Aug 26, 2019.
             Slain by a bullfrog (3 damage)
             ... in a sewer.
             The game lasted 00:16:42 (5607 turns).

ArcanElement the Magician (Deep Elf Wizard)         Turns: 5607, Time: 00:16:42

Health: 0/63       AC:  4    Str:  9    XL:     7   Next: 53%
Magic:  2/20       EV: 15    Int: 25    God:
Gold:   203        SH:  0    Dex: 13    Spells: 7/21 levels left

rFire    . . .     SeeInvis .   u - +2 scythe (flame)
rCold    + . .     Gourm    .   (shield currently unavailable)
rNeg     . . .     Faith    .   a - +0 robe
rPois    .         Spirit   .   b - +0 hat
rElec    .         Reflect  .   (no cloak)
rCorr    .         Harm     .   x - +1 pair of gloves
MR       .....                  (no boots)
Stlth    ..........             (no amulet)
HPRegen  0.20/turn              t - ring of protection from cold
MPRegen  0.17/turn              (no ring)

@: mighty, berserking, very slightly contaminated, slow
A: no striking features
a: no special abilities


You were in a sewer.
You were not hungry.

You visited 1 branch of the dungeon, and saw 5 of its levels.
You also visited: Sewer.

You collected 203 gold pieces.

Inventory:

Hand Weapons
 e - a +0 dagger
 u - a +2 scythe of flaming (weapon)
Missiles
 l - 3 curare-tipped darts (quivered)
 n - 44 arrows
 w - 9 poisoned darts
Armour
 a - a +0 robe (worn)
 b - a +0 hat (worn)
 x - a +1 pair of gloves (worn)
Jewellery
 t - a ring of protection from cold (left hand)
Wands
 r - a wand of polymorph (6)
Scrolls
 c - a scroll of fog
 g - a scroll of identify
 j - a scroll of remove curse
 p - 5 scrolls of teleportation
Potions
 k - a potion of cancellation
 q - 2 potions of flight
 z - a potion of magic
Comestibles
 d - 9 rations
 i - a chunk of flesh


   Skills:
 + Level 3.8 Fighting
 + Level 6.2 Dodging
 - Level 2.4 Stealth
 + Level 7.8 Spellcasting
 - Level 1.1 Conjurations
 - Level 1.1 Summonings
 - Level 1.1 Translocations


You had 7 spell levels left.
You knew the following spells:

 Your Spells              Type           Power        Failure   Level  Hunger
a - Magic Dart            Conj           ###.         4%          1    None
b - Blink                 Tloc           N/A          6%          2    None
c - Call Imp              Summ           ###.....     6%          2    None
d - Slow                  Hex            #.......     10%         2    None
e - Mephitic Cloud        Conj/Pois/Air  ##......     16%         3    None
f - Conjure Flame         Conj/Fire      ##......     14%         3    None
g - Confusing Touch       Hex            #.....       6%          1    None

Your spell library contained the following spells:

 Spells                   Type           Power        Failure   Level  Hunger
 Apportation              Tloc           ###...       4%          1    None
 Summon Small Mammal      Summ           ###.         4%          1    None
 Animate Skeleton         Necr           N/A          6%          1    None


Dungeon Overview and Level Annotations

Branches:
Dungeon (5/15)              Sewer (1/1)
 Temple: D:4-7

Altars:


Message History

* * * LOW HITPOINT WARNING * * *
The bullfrog barely misses you.
Your crimson imp hits the bullfrog.
The bullfrog hits you but does no damage.
The bullfrog closely misses you.
Your crimson imp closely misses the bullfrog.
You feel better. The bullfrog hits you!
* * * LOW HITPOINT WARNING * * *
The bullfrog misses you.
Your crimson imp closely misses the bullfrog.
Unknown command.
Okay, then.
A red film seems to cover your vision as you go berserk!
You feel yourself moving faster!
You feel mighty! The bullfrog closely misses you. The bullfrog hits you.
* * * LOW HITPOINT WARNING * * *
The bullfrog barely misses you. The bullfrog closely misses you.
Your crimson imp hits the bullfrog.
Your unstable footing causes you to fumble your attack.
The bullfrog closely misses you. The bullfrog hits you.
You die...

#≈≈≈≈†≈≈≈≈≈≈≈≈≈≈..≈≈≈≈.#
#≈########≈≈≈≈≈≈≈≈.≈≈≈.#
#≈# ##≈≈≈≈≈≈≈≈≈.≈≈≈.#
#≈# #≈≈≈≈≈≈≈≈≈≈≈≈≈≈.#
#≈# ##≈≈≈≈≈≈≈≈≈≈≈≈≈≈.#
#.# #≈≈≈≈≈≈≈≈≈≈≈≈≈≈≈.#
#.# #≈≈∩.≈≈≈≈≈≈≈≈≈≈≈.#
#≈# #≈≈≈.≈..F5≈≈≈≈≈≈.#
#.# #≈≈≈≈≈.≈@F≈≈≈≈≈≈≈.#
#.# #≈≈≈≈≈≈≈≈≈≈≈≈≈≈≈≈.#
### #.#
#≈≈≈≈≈.?.≈≈≈≈≈≈≈≈.# #.#
#.# ≈≈≈≈.$%?≈≈≈≈≈≈≈≈.#
#∩# #.#
≈≈≈≈≈.$≈≈≈≈≈≈≈≈≈.# #.#
#.# ≈≈≈≈≈≈.≈≈≈≈≈.≈≈≈.#
#∩# #.#
#≈≈≈≈≈≈≈≈≈≈≈.≈≈≈.# #.#
#.# #≈≈≈≈≈≈≈≈≈≈≈.≈≈≈.#
#.# #.#
≈≈≈≈≈≈≈≈≈≈.≈≈≈.###≈##


You could see 2 bullfrogs and a friendly crimson imp.

Vanquished Creatures
  Sigmund (D:3)
  An ogre (D:4)
  A scorpion (D:4)
  An orc priest (D:4)
  An orc wizard (D:4)
  Natasha (thrice) (D:3)
  A worker ant (D:4)
  A hound skeleton (D:4)
  Robin (D:4)
  3 gnolls
  4 adders
  A shadow imp (D:5)
  3 worms
  3 dart slugs
  2 leopard geckos
  8 orcs
  11 giant cockroaches
  11 hobgoblins
  3 jackals (D:1)
  3 quokkas
  3 ball pythons
  7 bats
  13 frilled lizards
  10 goblins
  9 kobolds
  A leopard gecko skeleton (D:4)
  9 rats
115 creatures vanquished.

Vanquished Creatures (collateral kills)
  An ogre (D:5)
  A bullfrog (D:5)
  Ijyb (D:3)
  An adder (D:1)
  2 orcs (D:5)
  3 giant cockroaches
  A hobgoblin (D:4)
  A rat (D:5)
11 creatures vanquished.

Grand Total: 126 creatures vanquished

Notes
Turn   | Place    | Note
-------+----------+-------------------------------------------
     0 | D:1      | ArcanElement the Deep Elf Wizard began the quest for the
                  | Orb.
     0 | D:1      | Reached XP level 1. HP: 10/10 MP: 7/7
   339 | D:1      | Reached XP level 2. HP: 7/16 MP: 3/9
   359 | D:1      | Learned a level 2 spell: Blink
   362 | D:1      | Learned a level 2 spell: Call Imp
   365 | D:1      | Learned a level 2 spell: Slow
   701 | D:1      | Reached skill level 1 in Fighting
   810 | D:1      | Reached XP level 3. HP: 20/20 MP: 4/11
   815 | D:1      | Learned a level 3 spell: Mephitic Cloud
   950 | D:1      | Reached skill level 5 in Spellcasting
  1257 | D:1      | Reached XP level 4. HP: 16/25 MP: 0/13
  2241 | D:2      | Learned a level 3 spell: Conjure Flame
  2504 | D:3      | Noticed Natasha
  2513 | D:3      | Killed Natasha
  2513 | D:3      | Reached XP level 5. HP: 30/30 MP: 2/15
  2588 | D:3      | Noticed Natasha
  2594 | D:3      | Killed Natasha
  2984 | D:3      | Noticed Natasha
  2997 | D:3      | Killed Natasha
  2997 | D:3      | Reached skill level 6 in Spellcasting
  2999 | D:3      | Noticed Ijyb
  3162 | D:3      | Killed Ijyb
  3459 | D:3      | Noticed Sigmund
  3476 | D:3      | Killed Sigmund
  3476 | D:3      | Reached skill level 5 in Dodging
  3476 | D:3      | Reached XP level 6. HP: 19/36 MP: 3/17
  3928 | D:4      | Noticed Robin
  3946 | D:4      | Killed Robin
  4054 | D:4      | Learned a level 1 spell: Confusing Touch
  4190 | D:4      | Reached skill level 7 in Spellcasting
  4190 | D:4      | Reached XP level 7. HP: 39/41 MP: 1/19
  4965 | D:5      | Entered Level 5 of the Dungeon
  5196 | D:5      | Found a glowing drain.
  5215 | Sewer    | Entered a sewer
  5606 | Sewer    | HP: 3/63 [bullfrog (6)]
  5607 | Sewer    | Slain by a bullfrog

Levels and vault maps discovered:
D:1:      dpeg_arrival_arbitrary_a, layout_basic, minmay_tripent
D:2:      layout_basic, serial_bayou_pond_b, kennysheep_generic_room_15
D:3:      layout_loops_ring, uniq_ijyb, uniq_sigmund, uniq_natasha
D:4:      layout_loops_ring, first_ration, columned_hall_lemuel,
          serial_park_tiny_pond, uniq_robin
D:5:      layout_gridville, portal_sewer_entry_e
Sewer:    sewer_frog_island_01

Skill      XL: |  1  2  3  4  5  6  7 |
---------------+----------------------+-----
Dodging        | 3 4 5 6 |  6.2
Fighting       | 1 2 3 |  3.8
Spellcasting   | 5 6 7 |  7.8
Stealth        | |  2.4
Conjurations   | |  1.1
Summonings     | |  1.1
Translocations | |  1.1

Action                   |  1- 3 |  4- 6 |  7- 9 || total
-------------------------+-------+-------+-------++-------
Melee: Dagger            |     7 |    12 |       ||    19
       Scythe            |       |    37 |    30 ||    67
 Cast: Magic Dart        |    82 |   122 |    52 ||   256
       Mephitic Cloud    |     2 |     9 |     9 ||    20
       Blink             |     1 |     2 |     4 ||     7
       Call Imp          |       |    10 |    12 ||    22
       Conjure Flame     |       |     9 |     4 ||    13
       Confusing Touch   |       |       |     1 ||     1
  Use: Scroll            |       |     4 |    10 ||    14
       Potion            |       |     1 |     5 ||     6
 Stab: Sleeping          |     1 |     1 |     2 ||     4
       Confused          |     1 |       |       ||     1
  Eat: Chunk             |     1 |     9 |     5 ||    15
Armor: Robe              |     4 |     6 |    18 ||    28
Dodge: Dodged            |    18 |    46 |    64 ||   128

Table legend:
 A = Non-vault XP
 B = Vault XP
 C = Vault XP percentage of total XP
 D = Non-vault monster count
 E = Vault monster count
 F = Vault count percentage of total count
                 A         B        C        D         E       F
            +---------+---------+-------+---------+---------+-------
      Total |     739 |     363 |  32.9 |      80 |      46 |  36.5
            +---------+---------+-------+---------+---------+-------
        D:1 |      56 |      13 |  18.8 |      26 |       5 |  16.1
        D:2 |      78 |      13 |  14.3 |      15 |       6 |  28.6
        D:3 |      86 |     267 |  75.6 |      12 |       3 |  20.0
        D:4 |     368 |      35 |   8.7 |      18 |      13 |  41.9
        D:5 |     151 |       9 |   5.6 |       9 |       7 |  43.8
      Sewer |       0 |      26 | 100.0 |       0 |      12 | 100.0
            +---------+---------+-------+---------+---------+-------
